 Dungeon Crawl Stone Soup version 0.20-a0-59-g66a9409 (webtiles) character file.

273 KristoblXynda the Sneak (level 6, 0/28 HPs)
             Began as a Spriggan Enchanter on Nov 16, 2016.
             Succumbed to a worker ant's poison
             ... on level 5 of the Dungeon.
             The game lasted 00:07:35 (2301 turns).

KristoblXynda the Sneak (Spriggan Enchanter)        Turns: 2301, Time: 00:07:35

Health: 0/28       AC:  3    Str:  4    XL:     6   Next: 2%
Magic:  1/14       EV: 24    Int: 19    God:
Gold:   94         SH:  0    Dex: 21    Spells: 3 memorised, 9 levels left

rFire  . . .     SeeInvis +     i - +1 short sword (drain)
rCold  . . .     Gourm    .     b - +1 robe
rNeg   . . .     Faith    .     (shield restricted)
rPois  .         Spirit   .     (helmet restricted)
rElec  .         Reflect  .     (no cloak)
rCorr  .         Harm     .     (gloves unavailable)
MR     ++...     Rnd*Tele +     (boots unavailable)
Stlth  +++++.....               (no amulet)
                                l - ring of protection from magic
                                g - ring of teleportation (curse)

@: agile, lethally poisoned (0 -> -4), very quick
A: unfitting armour, see invisible, herbivore 3, speed 3, slow metabolism 2
a: no special abilities


You were on level 5 of the Dungeon.
You were not hungry.

You visited 1 branch of the dungeon, and saw 4 of its levels.

You collected 94 gold pieces.

Inventory:

Hand Weapons
 i - a +1 short sword of draining (weapon)
Armour
 b - a +1 robe (worn)
Jewellery
 g - a cursed ring of teleportation (left hand)
 l - a ring of protection from magic (right hand)
Scrolls
 a - 3 scrolls of identify
 j - 3 scrolls of teleportation
Books
 c - a book of Maledictions

   Spells                             Type                      Level
   a - Corona                         Hexes                        1
   b - Ensorcelled Hibernation        Hexes/Ice                    2
   c - Confuse                        Hexes                        3
   d - Tukima's Dance                 Hexes                        3
   e - Dazzling Spray                 Conjuration/Hexes            3
Comestibles
 d - 3 bread rations
 h - a royal jelly
 k - 4 fruits


   Skills:
 - Level 1.1 Short Blades
 - Level 3.0 Dodging
 + Level 6.7 Stealth
 + Level 5.1 Spellcasting
 + Level 5.5 Hexes


You had 9 spell levels left.
You knew the following spells:

 Your Spells              Type           Power        Failure   Level  Hunger
a - Corona                Hex            ####...      1%          1    None
b - Ensorcelled Hibernat  Hex/Ice        ###...       8%          2    #......
c - Confuse               Hex            ####....     4%          3    ##.....


Dungeon Overview and Level Annotations

Branches:
Dungeon (3/15)

Altars:
Hepliaklqana
Zin


Innate Abilities, Weirdness & Mutations

You are very small and have problems with some larger weapons.
You are too small for most types of armour.
You have supernaturally acute eyesight. (SInv)
You are a herbivore.
You cover ground extremely quickly.
You need consume almost no food.


Message History

Press: ? - help, Shift-Dir - straight line, f/p - necrophage
Aim: a necrophage (heavily damaged, hasn't noticed you, chance to defeat MR: 37%)
The necrophage appears confused.
The worker ant closely misses you.
You see here a hand axe.
You barely miss the necrophage.
The necrophage is heavily damaged.
The worker ant bites you but does no damage.
You strike the helpless necrophage from behind!
You puncture the necrophage!
The necrophage is almost destroyed.
The worker ant misses you. The worker ant bites you.
* * * LOW HITPOINT WARNING * * *
You are lethally poisoned!
The worker ant poisons you!
It was a potion of agility.
You feel agile all of a sudden.
* * * LOW HITPOINT WARNING * * *
You feel sick. The worker ant misses you.
Unknown command.
You die...

#.. ............
.......##.......>....
........#.#..........#
#.#.#.#..............##
......................
#)#.#.#..............
.................(..#
#.#.#.#.............# ##
.......@.......###..#...
......#.#.#.#........#....#...
.........(......a.............
...............)..###.##.....
##........##....#.......#....
.#.........##..#.........#...#
...♣...... #..####.......#....
........####..###........##..#
...>......##..##..#......# #..


You could see a worker ant.

Vanquished Creatures
  An ogre (D:5)
  Jessica (D:2)
  2 worker ants (D:5)
  5 adders
  2 oozes (D:2)
  A worm (D:3)
  2 dart slugs
  A leopard gecko (D:2)
  4 orcs (D:3)
  3 bats
  2 giant cockroaches
  8 goblins
  4 hobgoblins (D:2)
  A jackal (D:3)
  6 kobolds
  2 quokkas (D:2)
  6 frilled lizards
  A rat (D:2)
52 creatures vanquished.

Notes
Turn   | Place    | Note
-------+----------+-------------------------------------------
     0 | D:1      | KristoblXynda the Spriggan Enchanter began the quest for the Orb.
     0 | D:1      | Reached XP level 1. HP: 9/9 MP: 5/5
   353 | D:1      | Reached XP level 2. HP: 12/13 MP: 7/7
   360 | D:1      | Learned a level 2 spell: Ensorcelled Hibernation
   758 | D:2      | Noticed Jessica
   776 | D:2      | Killed Jessica
   776 | D:2      | Reached skill level 5 in Stealth
   776 | D:2      | Reached XP level 3. HP: 14/16 MP: 3/9
   837 | D:2      | Found a hazy altar of Hepliaklqana.
  1064 | D:2      | Reached XP level 4. HP: 21/21 MP: 11/11
  1355 | D:2      | Learned a level 3 spell: Confuse
  1645 | D:3      | Reached skill level 5 in Hexes
  1675 | D:3      | Reached XP level 5. HP: 7/24 MP: 0/12
  1789 | D:3      | You fall through a shaft for 2 floors!
  1789 | D:5      | Entered Level 5 of the Dungeon
  1803 | D:5      | Reached skill level 6 in Stealth
  2002 | D:5      | Noticed an ogre
  2010 | D:5      | Noticed a necrophage
  2048 | D:5      | Noticed an ogre
  2061 | D:5      | Found a glowing silver altar of Zin.
  2084 | D:5      | Killed an ogre
  2084 | D:5      | Reached skill level 5 in Spellcasting
  2084 | D:5      | Reached XP level 6. HP: 23/27 MP: 0/14
  2298 | D:5      | HP: 1/28 [poisoned by a worker ant]
  2301 | D:5      | Succumbed to a worker ant's poison

Vault maps used:
D:1:      minmay_arrival_four_houses
D:2:      old_standard_altar, uniq_jessica
D:3:      tgw_trog, xom_teletrap_fun, nicolae_overflow_hidden_temple,
          lemuel_blue_sif_altar, first_bread, uniq_iyjb
D:5:      lemuel_crystal_altar, yredelemnul_forgotten_temple_becter,
          serial_glass, glass_columns_c, glass_columns_a, grunt_ministairs_1,
          kennysheep_generic_room_3, uniq_duvessa

Skill      XL: |  1  2  3  4  5 |
---------------+----------------+-----
Spellcasting   | 3 4 5 |  5.1
Hexes          | 4 5 |  5.5
Stealth        | 5 6 |  6.7
Short Blades   | |  1.1
Dodging        | |  3.0

Action                   |  1- 3 |  4- 6 || total
-------------------------+-------+-------++-------
Melee: Dagger            |    63 |       ||    63
       Short sword       |    38 |    89 ||   127
 Cast: Ensorcelled Hiber |     2 |    15 ||    17
       Confuse           |       |     9 ||     9
  Use: Scroll            |     4 |       ||     4
       Potion            |       |     2 ||     2
 Stab: Sleeping          |     5 |    10 ||    15
       Distracted        |       |     1 ||     1
       Confused          |       |     4 ||     4
Armor: Robe              |    11 |     7 ||    18
Dodge: Dodged            |    75 |    70 ||   145
